 Dungeon Crawl Stone Soup version 0.31-a0-977-gc230f8ef24 (webtiles) character file.

Game seed: 7456372423028332353

62 Hooloovoo the Trooper (level 4, -1/5 HPs)
             Began as an Ogre Berserker on Oct 30, 2023.
             Was a Believer of Trog.
             Frozen to death by an endoplasm (5 damage)
             ... on level 2 of the Dungeon.
             The game lasted 00:09:34 (744 turns).

Hooloovoo the Trooper (Ogre Berserker)               Turns: 744, Time: 00:09:35

Health: -1/5       AC:  2    Str: 28    XL:     4   Next: 8%
Magic:  4/4        EV: 10    Int:  8    God:    Trog [**....]
Gold:   89         SH:  0    Dex:  8    Spells: 3/3 levels left

rFire   . . .        a - melded +0 hand axe
rCold   . . .        (shield currently unavailable)
rNeg    . . .        b - melded +0 animal skin
rPois   .            (helmet currently unavailable)
rElec   .            (cloak currently unavailable)
rCorr   .            (gloves unavailable)
SInv    .            (boots unavailable)
Will    .....        (no amulet)
Stlth   +            (no ring)
HPRegen 0.20/turn    (no ring)
MPRegen 0.09/turn

%: no passive effects
@: snake-form
A: constrict, reduced hp, large, unfitting armour, (tough skin 1)
a: Begin Untransformation, Renounce Religion, Berserk, Trog's Hand


You were on level 2 of the Dungeon.
You worshipped Trog.
Trog was pleased with you.
You were an enormous anaconda.
You visited 1 branch of the dungeon, and saw 2 of its levels.

You collected 89 gold pieces.

Inventory:

Hand Weapons
 a - a +0 hand axe (melded)
 c - a +0 short sword
Armour
 b - a +0 animal skin (melded)
 d - a +0 plate armour
 h - a +0 chain mail
 m - a +0 pair of gloves
Talismans
 n - a serpent talisman (active)
Scrolls
 e - 3 scrolls of identify {unknown}
 f - a scroll of fear {unknown}
 i - a scroll of enchant armour {unknown}
Potions
 g - a potion of degeneration {unknown}
 j - 2 potions of ambrosia {unknown}
 k - a potion of haste {unknown}
 l - a potion of brilliance {unknown}


   Skills:
 + Level 4.7 Fighting
 + Level 4.0 Axes
 + Level 3.2 Dodging


You had 3 spell levels left.
You didn't know any spells.
Your spell library was empty.

Dungeon Overview and Level Annotations

Branches:
Dungeon (2/15)

Altars:

Shops:
D:2 =


Innate Abilities, Weirdness & Mutations

You are an enormous anaconda.
You have a powerful constriction melee attack.
Your maximum health is decreased, since you lack skill for your form.
Your armour is entirely melded.
You are incapable of wielding weapons or throwing items.
You are too large for most types of armour.
((You have tough skin. (AC +1)))


Message History

You have reached level 4!
You feel sick.
You see here an adder corpse.
You feel sick.
You are no longer poisoned.
e - 3 scrolls labelled VAOPLY WOTIZO (gained 1)
Found a serpent talisman.
A bat comes into view.
The bat completely misses you. The bat hits you but does no damage.
You see here a serpent talisman.
You closely miss the bat. The bat hits you.
n - a serpent talisman The bat closely misses you.
You miss the bat. The bat misses you. The bat hits you but does no damage.
You slash the bat!
You kill the bat!
Trog accepts your kill.
Your Axes skill increases to level 4!
Okay, then.
You begin transforming.
You continue transforming. x3
You turn into an enormous anaconda.
Your +0 hand axe melds into your body.
Your +0 animal skin melds into your body.
You open the door.
Found an escape hatch in the ceiling.
There is an open door here.
An endoplasm and a rat come into view.
The endoplasm quivers.
The endoplasm freezes you.
You are frozen.
You hit the endoplasm but do no damage. The endoplasm closely misses you.
You hit the endoplasm.
The endoplasm is heavily wounded.
The endoplasm hits you. The rat closely misses you.
You hit the endoplasm.
The endoplasm is severely wounded.
The endoplasm freezes you.
You are frozen.
Ouch! That really hurt!
You die...

### #...# ..#
##########...#
..#####.......##...#
...................+
..............##...#
..............##..<#
..............##Jr.#
..##..........##S..#
..##..........'....#
..##..........#....#
..##..........#....#
####..........#....#
############....#
###########+ #....#
#...........
##+######...........
#......##..........∩


You could see an endoplasm and a rat.

Vanquished Creatures
  2 adders (D:2)
  A worm (D:2)
  2 dart slugs (D:1)
  3 endoplasms
  2 giant cockroaches
  3 goblins (D:1)
  2 hobgoblins
  2 jackals (D:1)
  5 kobolds
  A ball python (D:2)
  4 bats (D:2)
  2 frilled lizards (D:1)
  7 rats
36 creatures vanquished.

Notes
Turn   | Place    | Note
-------+----------+-------------------------------------------
     0 | D:1      | Hooloovoo the Ogre Berserker began the quest for the Orb.
     0 | D:1      | Reached XP level 1. HP: 24/24 MP: 1/1
    37 | D:1      | Reached XP level 2. HP: 21/32 MP: 2/2
   259 | D:1      | Reached XP level 3. HP: 31/40 MP: 3/3
   363 | D:2      | Found Yvopiywigro's Jewellery Shop.
   420 | D:2      | Reached ** piety under Trog
   669 | D:2      | Reached XP level 4. HP: 36/49 MP: 4/4
   744 | D:2      | Frozen to death by an endoplasm

Illustrated notes

Levels and vault maps discovered:
D:1:      dpeg_arrival_shelter, layout_rooms
D:2:      layout_basic, serial_shops, shop, uniq_natasha

Skill      XL: |  1  2  3  4 |
---------------+-------------+-----
Dodging        | 3 |  3.2
Axes           | 4 |  4.0
Fighting       | |  4.7

Action                     |  1- 3 |  4- 6 || total
---------------------------+-------+-------++-------
  Melee: Hand axe          |   105 |     3 ||   108
         Unarmed           |       |     3 ||     3
 Armour: Animal skin       |    78 |     3 ||    81
         Skin              |       |     1 ||     1
  Dodge: Dodged            |    66 |     5 ||    71
   Form: Anaconda          |       |     1 ||     1

Table legend: (Time is in decaauts)
 A = Elapsed time spent in this place.
 B = Non-inter-level travel time spent in this place.
 C = Inter-level travel time spent in this place.
 D = Time resting spent in this place.
 E = Time spent auto-exploring this place.
 F = Levels seen in this place.
 G = Mean time per level.
                   A        B        C        D        E       F      G
               +--------+--------+--------+--------+--------+-----+--------+
         Total |    757 |    276 |    481 |      0 |      0 |   2 |  378.5 |
       Dungeon |    757 |    276 |    481 |      0 |      0 |   2 |  378.5 |
               +--------+--------+--------+--------+--------+-----+--------+

Top non-repeatable levels by time:
     D:2: 454 daAuts
     D:1: 303 daAuts
